 Dungeon Crawl Stone Soup version 0.28-a0-1080-g05a166d0ed (webtiles) character file.

Game seed: 2350585841546257592

65 enile the Skirmisher (level 3, 0/29 HPs)
             Began as a Demonspawn Gladiator on Dec 9, 2021.
             Was a Follower of Makhleb.
             Succumbed to an adder's poison
             ... on level 3 of the Dungeon.
             The game lasted 00:04:35 (1455 turns).

enile the Skirmisher (Demonspawn Gladiator)         Turns: 1455, Time: 00:04:35

Health: 0/29       AC:  4    Str: 15 (16) XL:     3   Next: 92%
Magic:  3/3        EV: 12    Int:  9 (11) God:    Makhleb [*.....]
Gold:   32         SH:  0    Dex: 13 (14) Spells: 2/2 levels left

rFire   . . .      SeeInvis .     - Unarmed
rCold   . . .      Faith    .   (no shield)
rNeg    . . .      Spirit   .   b - +0 leather armour
rPois   .          Reflect  .   c - +0 helmet
rElec   .          Harm     .   (no cloak)
rCorr   .          Rampage  .   (no gloves)
Will    .....                   (no boots)
Stlth   +.........              (no amulet)
HPRegen 0.09/turn               (no ring)
MPRegen 0.08/turn               (no ring)

@: lethally poisoned (0 -> -3)
A: big brain 1, demonic touch 1
a: Renounce Religion


You were on level 3 of the Dungeon.
You worshipped Makhleb.
Makhleb was aware of your devotion.
You visited 1 branch of the dungeon, and saw 3 of its levels.

You collected 62 gold pieces.
You spent 30 gold pieces at shops.

Inventory:

Hand Weapons
 a - a +0 trident
 h - a +0 dagger
Armour
 b - a +0 leather armour (worn)
 c - a +0 helmet (worn)
 g - a +0 plate armour
Scrolls
 e - 2 scrolls of teleportation
 k - a scroll of noise {unknown}


   Skills:
 - Level 3.0 Fighting
 - Level 3.0 Polearms
 + Level 2.1 Throwing
 - Level 1.0 Armour
 - Level 3.0 Dodging
 - Level 1.0 Unarmed Combat


You had 2 spell levels left.
You didn't know any spells.
Your spell library contained the following spells:

 Spells                   Type           Power      Damage    Failure   Level
 Dazzling Flash           Conj/Hex       0%         N/A       83%         3
 Agony                    Necr           0%         N/A       100%        5
 Silence                  Hex/Air        0%         N/A       100%        5


Dungeon Overview and Level Annotations

Branches:
Dungeon (3/15)

Altars:
Makhleb

Shops:
D:2 (?


Innate Abilities, Weirdness & Mutations

You have an unusually large brain. (Int +2)
Your touch may inflict minor irresistible damage on your foes.


Message History

The adder poisons you!
You barely miss the adder. Your touch misses the adder.
The adder is heavily wounded.
You feel sick. The adder barely misses you. The adder bites you.
Throw: throwing net
Press: ? - help, Q - select action Shift-Dir - straight line, f - adder
Aim: an adder (heavily wounded, 42% to hit)
You throw a throwing net.
The throwing net closely misses the adder.
You feel sick. The adder barely misses you.
It was a potion of degeneration.
There was something very wrong with that liquid.
You feel weakened.
You feel dopey.
You feel clumsy.
You feel sick. The adder bites you.
Okay, then.
You closely miss the adder.
The adder is moderately wounded.
You feel sick. The adder closely misses you.
As you read the scroll labelled YDUSKY VEYR, it crumbles to dust.
The scroll dissolves into smoke.
It was a scroll of fog.
You feel sick. The adder closely misses you.
The adder bites you but does no damage.
You feel sick.
You feel sick.
You are no longer poisoned.
There is an open door here.
You barely miss the adder.
You touch the adder.
The adder is severely wounded.
The adder bites you but does no damage.
You closely miss the adder. Your touch misses the adder.
The adder is severely wounded.
The adder bites you.
* * * LOW HITPOINT WARNING * * *
The adder bites you.
* * * LOW HITPOINT WARNING * * *
You are lethally poisoned!
The adder poisons you!
As you read the scroll labelled YKUYCR CUOGU IWK, it crumbles to dust.
You assume a fearsome visage.
The adder looks frightened!
It was a scroll of fear.
You die...

........... ..... #.#
#...# #...... #.# #.....
###.....( #.# #.....
#....... #.# ......###
#....... #.#
.....§§§####....##### #.#
$.....§§##..........# #.#
#....§§##§.........####.#
#.....§§S@..........'....#
#(....§.##§.........######
........###.........#
....#..$# #.........#
...##...# #.......### ###
##### #.......# #########


You could see an adder (fleeing).

Vanquished Creatures
  2 adders (D:2)
  An orc (D:3)
  2 ball pythons
  2 bat zombies (D:2)
  4 endoplasms
  6 hobgoblins
  6 jackals
  4 kobolds
  A ball python skeleton (D:2)
  4 bats
  4 frilled lizards
  3 goblins (D:2)
  3 rats
42 creatures vanquished.

Vanquished Creatures (others)
  2 withered plants (D:2)
2 creatures vanquished.

Grand Total: 44 creatures vanquished

Notes
Turn   | Place    | Note
-------+----------+-------------------------------------------
     0 | D:1      | enile the Demonspawn Gladiator began the quest for the Orb.
     0 | D:1      | Reached XP level 1. HP: 16/16 MP: 1/1
    49 | D:1      | Gained mutation: You have an unusually large brain. (Int
                  | +2) [demonic ancestry]
    49 | D:1      | Reached XP level 2. HP: 19/23 MP: 2/2
   274 | D:1      | You fall into a shaft and drop 1 floor!
   338 | D:2      | Found Jahiel's Weapon Emporium.
   391 | D:2      | Gained mutation: Your touch may inflict minor irresistible
                  | damage on your foes. [demonic ancestry]
   391 | D:2      | Reached XP level 3. HP: 29/29 MP: 3/3
   628 | D:2      | Reached skill level 1 in Unarmed Combat
   858 | D:2      | Found a faded altar of an unknown god.
   877 | D:2      | Found Ituhuume's Magic Scroll Boutique.
   882 | D:2      | Prayed at the altar of an unknown god.
   882 | D:2      | Became a worshipper of Makhleb the Destroyer
   882 | D:2      | Reached * piety under Makhleb
   894 | D:2      | Bought a scroll of teleportation for 30 gold pieces
  1263 | D:3      | Reached skill level 1 in Armour
  1454 | D:3      | HP: 1/29 [adder (1)]
  1455 | D:3      | Succumbed to an adder's poison

Illustrated notes

Levels and vault maps discovered:
D:1:      amcnicky_arrival_flooded_fountain, layout_basic, hex_intersection,
          minmay_misc_feat_secret_circle, minmay_pentomino_r4
D:2:      layout_basic, serial_undead, serial_undead_e, serial_undead_b,
          serial_undead_b, serial_undead_a, serial_undead_d, serial_undead_c,
          serial_undead_b, serial_shops, nicolae_shop_bloodbath_and_beyond,
          nicolae_shop_crystal, hellmonk_ecumenical_altar_blasted
D:3:      layout_basic, dk_yredelemnul_ordeal, minmay_misc_feat_iff

Skill      XL: |  1  2  3 |
---------------+----------+-----
Fighting       | 3 |  3.0
Throwing       | 2 |  2.1
Dodging        | 3 |  3.0
Polearms       | 3 |  3.0
Unarmed Combat | 1 |  1.0
Armour         | 1 |  1.0

Action                   || total
-------------------------++-------
Melee: Trident           ||    68
       Unarmed           ||    70
       Touch             ||    12
Throw: Throwing net      ||     4
  Use: Scroll            ||     2
       Potion            ||     1
 Stab: Sleeping          ||     1
Armor: Leather armour    ||    44
Dodge: Dodged            ||   102

Table legend: (Time is in decaauts)
 A = Elapsed time spent in this place.
 B = Non-inter-level travel time spent in this place.
 C = Inter-level travel time spent in this place.
 D = Time resting spent in this place.
 E = Time spent auto-exploring this place.
 F = Levels seen in this place.
 G = Mean time per level.
                   A        B        C        D        E       F      G
               +--------+--------+--------+--------+--------+-----+--------+
         Total |   1464 |   1422 |     42 |      0 |   1083 |   3 |  488.0 |
       Dungeon |   1464 |   1422 |     42 |      0 |   1083 |   3 |  488.0 |
               +--------+--------+--------+--------+--------+-----+--------+

Top non-repeatable levels by time:
     D:2: 984 daAuts
     D:1: 282 daAuts
     D:3: 197 daAuts
